 Dungeon Crawl Stone Soup version 0.23.0 (webtiles) character file.

Game seed: 13344410449890213560

7078 tidbits the Magician (level 11, -8/84 HPs)
             Began as a Gnoll Skald on Feb 14, 2019.
             Was a Priest of Cheibriados.
             Mangled by an orc knight
             ... wielding a +0 great mace
              (21 damage)
             ... on level 2 of the Orcish Mines.
             The game lasted 00:30:51 (2665 turns).

tidbits the Magician (Gnoll Skald)                  Turns: 2665, Time: 00:30:51

Health: -8/84      AC: 15    Str: 30    XL:     11   Next: 9%
Magic:  8/22       EV: 18    Int: 39    God:    Cheibriados [***...]
Gold:   438        SH:  4    Dex: 22    Spells: 14/25 levels left

rFire    + . .     SeeInvis .   W - +0 glaive (vamp)
rCold    + + .     Gourm    .   (shield currently unavailable)
rNeg     . . .     Faith    .   B - +1 ring mail {rF+}
rPois    +         Spirit   .   (no helmet)
rElec    +         Reflect  +   C - +2 cloak
rCorr    +         Harm     .   G - +0 pair of gloves "Irghud" {*Drain rF- Str+7 Int+8}
MR       .....                  F - +1 pair of boots
Stlth    +++.......             k - +4 amulet of reflection
HPRegen  1.24/turn              H - +1 ring of protection
MPRegen  0.18/turn              Q - ring of protection from cold

@: brilliant, resistant, regenerating, hasted
A: distributed training, fangs 1, mutation resistance 1, strong nose
a: Bend Time, Temporal Distortion, Renounce Religion


You were on level 2 of the Orcish Mines.
You worshipped Cheibriados.
Cheibriados was most pleased with you.
You were not hungry.

You visited 3 branches of the dungeon, and saw 14 of its levels.

You collected 558 gold pieces.
You spent 120 gold pieces at shops.

Inventory:

Hand Weapons
 b - a +5 morningstar
 e - a +3 dagger of draining
   (You took it off Sonja on level 1 of the Orcish Mines)
 j - a +0 morningstar
 y - a +0 shortbow
 z - a +0 war axe
 O - a +5 great sword
 R - the +4 hand axe "Judeups" {vamp, *Drain rPois rN+++ SInv}
   (You found it on level 9 of the Dungeon)

   It inflicts no extra harm, but heals its wielder when it wounds a living foe.
   It protects you from poison.
   It renders you almost immune to negative energy.
   It lets you see invisible.
   It causes draining when unequipped.
 U - a +0 shortbow
 W - a +0 vampiric glaive (weapon)
   (You took it off an orc warrior on level 11 of the Dungeon)
 X - a +0 trident
 Z - a +1 hand axe of freezing
   (You took it off an orc warrior on level 11 of the Dungeon)
Missiles
 p - 97 arrows
 r - 7 javelins (quivered)
 K - 10 curare-tipped needles
 Y - 5 tomahawks
Armour
 A - a +0 ring mail
 B - a +1 ring mail of fire resistance (worn)
   (You took it off an orc on level 6 of the Dungeon)
 C - a +2 cloak (worn)
 D - a +1 ring mail of poison resistance
   (You took it off an orc priest on level 6 of the Dungeon)
 F - a +1 pair of boots (worn)
 G - the +0 pair of gloves "Irghud" (worn) {*Drain rF- Str+7 Int+8}
   (You found it on level 8 of the Dungeon)

   It affects your strength (+7).
   It affects your intelligence (+8).
   It makes you vulnerable to fire.
   It causes draining when unequipped.
 M - a +0 leather armour
Magical Staves
 E - an uncursed staff of air {unknown}
   (You found it on level 6 of the Dungeon)
Jewellery
 k - a +4 amulet of reflection (around neck)
   (You found it on level 3 of the Dungeon)
 H - a +1 ring of protection (left hand)
   (You bought it in a shop on level 7 of the Dungeon)
 Q - a ring of protection from cold (right hand)
   (You found it on level 8 of the Dungeon)
Wands
 q - a wand of digging (3)
 I - a wand of disintegration (5)
 P - a wand of scattershot (11)
 S - a wand of iceblast (18)
 V - a wand of acid (8)
Scrolls
 c - 4 scrolls of teleportation
 i - a scroll of enchant armour
 o - 2 scrolls of magic mapping
 s - a scroll of amnesia {unknown}
 u - a scroll of blinking {unknown}
 v - a scroll of brand weapon {unknown}
 w - a scroll of silence {!r}
 L - a scroll of immolation {!r}
 T - a scroll of fog {unknown}
Potions
 f - 2 potions of curing
 h - 2 potions of mutation {!q}
 l - 4 potions of flight
 m - 2 potions of magic
 n - 2 potions of ambrosia
 t - a potion of might
 J - 2 potions of lignification
 N - a potion of degeneration {unknown}
Comestibles
 d - 2 rations


   Skills:
 + Level 7.5 Fighting
 + Level 5.8 Short Blades
 + Level 5.8 Long Blades
 + Level 5.8 Axes
 + Level 5.8 Maces & Flails
 + Level 7.5 Polearms
 + Level 5.8 Staves
 + Level 5.8 Slings
 + Level 5.8 Bows
 + Level 5.8 Crossbows
 + Level 5.8 Throwing
 + Level 6.4 Armour
 + Level 7.5 Dodging
 + Level 5.8 Stealth
 + Level 5.8 Shields
 + Level 5.8 Unarmed Combat
 + Level 7.8 Spellcasting
 + Level 4.8 Conjurations
 + Level 4.8 Hexes
 + Level 7.4 Charms
 + Level 4.8 Summonings
 + Level 4.8 Necromancy
 + Level 4.8 Translocations
 + Level 4.8 Transmutations
 + Level 4.8 Fire Magic
 + Level 4.8 Ice Magic
 + Level 4.8 Air Magic
 + Level 4.8 Earth Magic
 + Level 4.8 Poison Magic
 + Level 6.4 Invocations
 + Level 5.8 Evocations


You had 14 spell levels left.
You knew the following spells:

 Your Spells              Type           Power        Failure   Level  Hunger
g - Shroud of Golubria    Chrm/Tloc      ######....   1%          2    None
i - Infusion              Chrm           ####         1%          1    None
r - Regeneration          Chrm/Necr      ######....   1%          3    None
w - Spectral Weapon       Hex/Chrm       ######..     1%          3    None
y - Song of Slaying       Chrm           #######.     1%          2    None

Your spell library contained the following spells:

 Spells                   Type           Power        Failure   Level  Hunger
 Flame Tongue             Conj/Fire      #####        1%          1    None
 Throw Flame              Conj/Fire      ######       1%          2    None
 Conjure Flame            Conj/Fire      ######..     1%          3    None
 Inner Flame              Hex/Fire       ######..     1%          3    None
 Sticky Flame             Conj/Fire      ######..     1%          4    None
 Fireball                 Conj/Fire      ######....   1%          5    ###....


Dungeon Overview and Level Annotations

Branches:
Dungeon (11/15)            Temple (1/1) D:4             Orc (2/2) D:11
   Lair: D:8-11         Elf: Orc:2

Altars:
Ashenzari
Cheibriados
Dithmenos
Elyvilon
Fedhas
Hepliaklqana
Kikubaaqudgha
Makhleb
Nemelex Xobeh
Okawaru
Trog
Uskayaw
Vehumet
Wu Jian
Xom
Yredelemnul
Beogh

Shops:
D:4 (   D:7 *

Annotations:
D:10 Azzok's ghost, novice DEFE


Innate Abilities, Weirdness & Mutations

Your experience applies equally to all skills.
You have very sharp teeth.
Your uncanny sense of smell can sniff out nearby items.
You are somewhat resistant to further mutation.


Message History

The orc warrior is severely wounded.
The ogre closely misses you. The orc warrior misses you.
The orc warrior barely misses you. You block the ogre's attack.
The ogre hits you with a +0 giant club!
Unknown command.
You can feel time thicken for a moment.
You kill the orc!
Cheibriados appreciates the change of pace.
You kill the orc priest!
Cheibriados appreciates the change of pace.
You kill the orc warrior!
Cheibriados thoroughly appreciates the change of pace.
You kill the orc!
Cheibriados appreciates the change of pace.
You kill the orc!
Cheibriados appreciates the change of pace.
You kill the orc!
Cheibriados thoroughly appreciates the change of pace.
You kill the orc!
Cheibriados thoroughly appreciates the change of pace.
You kill the orc wizard!
Cheibriados thoroughly appreciates the change of pace.
You kill the orc!
Cheibriados thoroughly appreciates the change of pace.
You feel somewhat more hungry.
Cheibriados lowers the support of your attributes as your movement quickens.
An ogre comes into view. It is wielding a +0 giant club.
The orc warrior completely misses you. x2
Unknown command.
You barely miss the orc warrior.
The orc warrior is heavily wounded.
The ogre closely misses you. x2; The orc warrior barely misses you.
The orc warrior completely misses you.
The orc warrior hits you with a +0 long sword!!
* * * LOW HITPOINT WARNING * * *
A warg comes into view.
The orc knight hits you with a +0 great mace.
* * * LOW HITPOINT WARNING * * *
Unknown command.
Unknown command.
You can feel time thicken for a moment.
You kill the orc warrior!
Cheibriados appreciates the change of pace.
You have reached level 11!
You kill the orc warrior!
Cheibriados thoroughly appreciates the change of pace.
You kill the warg!
Cheibriados thoroughly appreciates the change of pace.
You kill the ogre!
Cheibriados thoroughly appreciates the change of pace.
You kill the ogre!
Cheibriados thoroughly appreciates the change of pace.
You kill the orc warrior!
Cheibriados appreciates the change of pace.
You kill the warg!
Cheibriados appreciates the change of pace.
You feel somewhat more hungry.
You can no longer inflict damage on those overly hasty.
Cheibriados lowers the support of your attributes as your movement quickens.
Unknown command.
You barely miss the orc knight.
The ogre shouts!
The warg howls!
Your bite misses the orc knight.
The orc knight is heavily wounded.
You hear a shout!
The orc knight hits you with a +0 great mace!
* * * LOW HITPOINT WARNING * * *
Okay, then.
You closely miss the orc knight.
You bite the orc knight, but do no damage.
The orc knight is heavily wounded.
The orc knight hits you with a +0 great mace!!
* * * LOW HITPOINT WARNING * * *
Unknown command.
It was a potion of brilliance.
You feel clever all of a sudden. The orc knight misses you.
Okay, then.
Unknown command.
It was a potion of haste.
You feel yourself speed up.
Cheibriados forgives your accidental hurry, just this once.
The orc knight closely misses you. The warg completely misses you.
The ogre closely misses you.
Unknown command.
It was a potion of resistance.
You feel protected. The warg barely misses you.
Unknown command.
You barely miss the orc knight.
The orc knight is heavily wounded.
An ogre comes into view. It is wielding a +0 giant club.
The orc knight hits you but does no damage.
The ogre misses you. The warg barely misses you.
The ogre shouts!
You hit the ogre but do no damage. You bite the ogre.
The ogre is severely wounded.
You hear a shout!
The warg closely misses you.
The orc knight hits you with a +0 great mace!!
You die...

............. .
#......$$....
......
#.#....<.......
......
.............$.
o.....
...............
......
..............$
...#..
...<..$.)......
.$....
....)[O@)......
..O...
.....[h)o......
....$.
.O...).))......
......
......).)......
......
...............
......
.............#.
......
.O..$..........
......
.†.........#...
....$.


You could see an orc knight, a warg and 3 ogres.

Vanquished Creatures
  2 two-headed ogres
  Sonja (Orc:1)
  A komodo dragon (D:11)
  Grinder (D:6)
  A yak (D:10)
  A wraith (D:11)
  4 wargs
  11 orc warriors
  2 ice beasts (D:8)
  A black bear (D:9)
  A sky beast (D:6)
  2 phantoms
  4 centaurs
  6 ogres
  A big kobold (D:10)
  4 bullfrogs
  4 wights (D:8)
  3 howler monkeys (D:7)
  A crimson imp (D:10)
  A bullfrog zombie (D:6)
  5 hounds
  A centaur skeleton (D:6)
  9 orc priests
  An iguana (D:9)
  A jelly (D:6)
  7 orc wizards
  A bullfrog skeleton (D:6)
  Jessica (D:3)
  4 worker ants
  3 worker ant zombies
  5 adders
  A howler monkey skeleton (D:5)
  An ooze (D:1)
  A worm (D:2)
  A dart slug (D:1)
  2 leopard geckos
  37 orcs
  6 bats
  6 giant cockroaches
  2 goblins
  4 hobgoblins
  8 jackals
  4 quokkas
  2 frilled lizards
  A jackal zombie (D:5)
  8 kobolds
  A leopard gecko zombie (D:9)
  5 rats
180 creatures vanquished.

Vanquished Creatures (others)
  5 spectral weapons
5 creatures vanquished.

Grand Total: 185 creatures vanquished

Notes
Turn   | Place    | Note
-------+----------+-------------------------------------------
     0 | D:1      | tidbits the Gnoll Skald began the quest for the Orb.
     0 | D:1      | Reached XP level 1. HP: 20/20 MP: 6/6
    45 | D:1      | Reached XP level 2. HP: 25/26 MP: 0/7
    53 | D:1      | Learned a level 2 spell: Song of Slaying
    56 | D:1      | Learned a level 2 spell: Shroud of Golubria
   118 | D:2      | Reached skill level 5 in Spellcasting
   118 | D:2      | Reached XP level 3. HP: 27/31 MP: 4/9
   123 | D:2      | Learned a level 3 spell: Regeneration
   127 | D:2      | Learned a level 3 spell: Spectral Weapon
   190 | D:2      | Found a radiant altar of Vehumet.
   217 | D:2      | Found an ancient bone altar of Kikubaaqudgha.
   231 | D:3      | Reached skill level 1 in Invocations
   259 | D:3      | Reached skill level 1 in Short Blades
   259 | D:3      | Reached skill level 1 in Long Blades
   259 | D:3      | Reached skill level 1 in Axes
   259 | D:3      | Reached skill level 1 in Maces & Flails
   259 | D:3      | Reached skill level 1 in Staves
   259 | D:3      | Reached skill level 1 in Slings
   259 | D:3      | Reached skill level 1 in Bows
   259 | D:3      | Reached skill level 1 in Crossbows
   259 | D:3      | Reached skill level 1 in Throwing
   259 | D:3      | Reached skill level 1 in Stealth
   259 | D:3      | Reached skill level 1 in Shields
   259 | D:3      | Reached skill level 1 in Unarmed Combat
   259 | D:3      | Reached skill level 1 in Evocations
   259 | D:3      | Reached XP level 4. HP: 28/38 MP: 3/11
   355 | D:3      | Noticed Jessica
   369 | D:3      | Killed Jessica
   369 | D:3      | Reached skill level 1 in Conjurations
   369 | D:3      | Reached skill level 1 in Hexes
   369 | D:3      | Reached skill level 1 in Summonings
   369 | D:3      | Reached skill level 1 in Necromancy
   369 | D:3      | Reached skill level 1 in Translocations
   369 | D:3      | Reached skill level 1 in Transmutations
   369 | D:3      | Reached skill level 1 in Fire Magic
   369 | D:3      | Reached skill level 1 in Ice Magic
   369 | D:3      | Reached skill level 1 in Air Magic
   369 | D:3      | Reached skill level 1 in Earth Magic
   369 | D:3      | Reached skill level 1 in Poison Magic
   412 | D:4      | Found a staircase to the Ecumenical Temple.
   419 | Temple   | Entered the Ecumenical Temple
   461 | Temple   | Became a worshipper of Cheibriados the Contemplative
   507 | D:4      | Reached XP level 5. HP: 25/43 MP: 6/12
   574 | D:4      | Found Plog's Weapon Emporium.
   582 | D:5      | Entered Level 5 of the Dungeon
   618 | D:4      | Reached skill level 3 in Armour
   695 | D:5      | Noticed an ogre
   703 | D:5      | Killed an ogre
   703 | D:5      | Reached skill level 2 in Invocations
   703 | D:5      | Reached XP level 6. HP: 42/50 MP: 4/14
   716 | D:6      | Reached skill level 5 in Fighting
   716 | D:6      | Reached skill level 5 in Polearms
   716 | D:6      | Reached skill level 5 in Dodging
   807 | D:5      | Reached skill level 2 in Short Blades
   807 | D:5      | Reached skill level 2 in Long Blades
   807 | D:5      | Reached skill level 2 in Axes
   807 | D:5      | Reached skill level 2 in Maces & Flails
   807 | D:5      | Reached skill level 2 in Staves
   807 | D:5      | Reached skill level 2 in Slings
   807 | D:5      | Reached skill level 2 in Bows
   807 | D:5      | Reached skill level 2 in Crossbows
   807 | D:5      | Reached skill level 2 in Throwing
   807 | D:5      | Reached skill level 2 in Stealth
   807 | D:5      | Reached skill level 2 in Shields
   807 | D:5      | Reached skill level 2 in Unarmed Combat
   807 | D:5      | Reached skill level 2 in Evocations
   840 | D:5      | Reached XP level 7. HP: 50/56 MP: 1/15
   876 | D:5      | Reached * piety under Cheibriados
   971 | D:6      | Reached skill level 2 in Conjurations
   971 | D:6      | Reached skill level 2 in Hexes
   971 | D:6      | Reached skill level 2 in Summonings
   971 | D:6      | Reached skill level 2 in Necromancy
   971 | D:6      | Reached skill level 2 in Translocations
   971 | D:6      | Reached skill level 2 in Transmutations
   971 | D:6      | Reached skill level 2 in Fire Magic
   971 | D:6      | Reached skill level 2 in Ice Magic
   971 | D:6      | Reached skill level 2 in Air Magic
   971 | D:6      | Reached skill level 2 in Earth Magic
   971 | D:6      | Reached skill level 2 in Poison Magic
  1073 | D:6      | Noticed Grinder
  1089 | D:6      | Reached skill level 3 in Invocations
  1089 | D:6      | Reached XP level 8. HP: 41/63 MP: 2/16
  1099 | D:6      | Reached skill level 6 in Charms
  1172 | D:6      | Reached skill level 4 in Armour
  1173 | D:6      | Reached skill level 3 in Short Blades
  1173 | D:6      | Reached skill level 3 in Long Blades
  1173 | D:6      | Reached skill level 3 in Axes
  1173 | D:6      | Reached skill level 3 in Maces & Flails
  1173 | D:6      | Reached skill level 3 in Staves
  1173 | D:6      | Reached skill level 3 in Slings
  1173 | D:6      | Reached skill level 3 in Bows
  1173 | D:6      | Reached skill level 3 in Crossbows
  1173 | D:6      | Reached skill level 3 in Throwing
  1173 | D:6      | Reached skill level 3 in Stealth
  1173 | D:6      | Reached skill level 3 in Shields
  1173 | D:6      | Reached skill level 3 in Unarmed Combat
  1173 | D:6      | Reached skill level 3 in Evocations
  1278 | D:6      | Reached ** piety under Cheibriados
  1278 | D:6      | Reached skill level 6 in Spellcasting
  1362 | D:6      | Killed Grinder
  1433 | D:7      | Found Gouj Bue's Assorted Antiques.
  1444 | D:7      | Reached skill level 4 in Invocations
  1453 | D:7      | Reached skill level 3 in Conjurations
  1453 | D:7      | Reached skill level 3 in Hexes
  1453 | D:7      | Reached skill level 3 in Summonings
  1453 | D:7      | Reached skill level 3 in Necromancy
  1453 | D:7      | Reached skill level 3 in Translocations
  1453 | D:7      | Reached skill level 3 in Transmutations
  1453 | D:7      | Reached skill level 3 in Fire Magic
  1453 | D:7      | Reached skill level 3 in Ice Magic
  1453 | D:7      | Reached skill level 3 in Air Magic
  1453 | D:7      | Reached skill level 3 in Earth Magic
  1453 | D:7      | Reached skill level 3 in Poison Magic
  1460 | D:7      | Bought a cabochon ring for 120 gold pieces
  1542 | D:8      | Got a pair of shimmering gloves
  1548 | D:8      | Identified the cursed +0 pair of gloves "Irghud" {*Drain
                  | rF- Str+7 Int+8} (You found it on level 8 of the Dungeon)
  1581 | D:8      | Reached skill level 6 in Fighting
  1581 | D:8      | Reached skill level 6 in Polearms
  1581 | D:8      | Reached skill level 6 in Dodging
  1581 | D:8      | Reached XP level 9. HP: 69/69 MP: 14/18
  1711 | D:8      | Reached skill level 4 in Short Blades
  1711 | D:8      | Reached skill level 4 in Long Blades
  1711 | D:8      | Reached skill level 4 in Axes
  1711 | D:8      | Reached skill level 4 in Maces & Flails
  1711 | D:8      | Reached skill level 4 in Staves
  1711 | D:8      | Reached skill level 4 in Slings
  1711 | D:8      | Reached skill level 4 in Bows
  1711 | D:8      | Reached skill level 4 in Crossbows
  1711 | D:8      | Reached skill level 4 in Throwing
  1711 | D:8      | Reached skill level 4 in Stealth
  1711 | D:8      | Reached skill level 4 in Shields
  1711 | D:8      | Reached skill level 4 in Unarmed Combat
  1711 | D:8      | Reached skill level 4 in Evocations
  1788 | D:9      | Got an ancient hand axe
  1793 | D:10     | Entered Level 10 of the Dungeon
  1922 | D:8      | Noticed a two-headed ogre
  1929 | D:8      | HP: 4/69 [two-headed ogre/+0 giant spiked club (12)]
  1930 | D:8      | Killed a two-headed ogre
  1930 | D:8      | Reached skill level 5 in Armour
  1932 | D:8      | Gained mutation: You are somewhat resistant to further
                  | mutation. [potion of mutation]
  1939 | D:8      | HP: 8/71 [orc wizard/magic dart (6)]
  1982 | D:9      | Reached *** piety under Cheibriados
  2045 | D:9      | Reached skill level 5 in Invocations
  2204 | D:10     | Noticed Azzok's ghost (novice DEFE)
  2204 | D:10     | Noticed a lich
  2204 | D:10     | Noticed a deep elf mage
  2205 | D:10     | Noticed a lindwurm
  2205 | D:10     | Noticed a troll
  2205 | D:10     | Noticed a necromancer
  2206 | D:10     | a lindwurm changed into a swamp worm
  2217 | D:10     | Reached XP level 10. HP: 69/77 MP: 16/20
  2307 | D:10     | Noticed a two-headed ogre
  2311 | D:10     | Reached skill level 7 in Spellcasting
  2315 | D:10     | Reached skill level 4 in Conjurations
  2315 | D:10     | Reached skill level 4 in Hexes
  2315 | D:10     | Reached skill level 4 in Summonings
  2315 | D:10     | Reached skill level 4 in Necromancy
  2315 | D:10     | Reached skill level 4 in Translocations
  2315 | D:10     | Reached skill level 4 in Transmutations
  2315 | D:10     | Reached skill level 4 in Fire Magic
  2315 | D:10     | Reached skill level 4 in Ice Magic
  2315 | D:10     | Reached skill level 4 in Air Magic
  2315 | D:10     | Reached skill level 4 in Earth Magic
  2315 | D:10     | Reached skill level 4 in Poison Magic
  2317 | D:10     | Killed a two-headed ogre
  2317 | D:10     | Reached skill level 5 in Short Blades
  2317 | D:10     | Reached skill level 5 in Long Blades
  2317 | D:10     | Reached skill level 5 in Axes
  2317 | D:10     | Reached skill level 5 in Maces & Flails
  2317 | D:10     | Reached skill level 5 in Staves
  2317 | D:10     | Reached skill level 5 in Slings
  2317 | D:10     | Reached skill level 5 in Bows
  2317 | D:10     | Reached skill level 5 in Crossbows
  2317 | D:10     | Reached skill level 5 in Throwing
  2317 | D:10     | Reached skill level 5 in Stealth
  2317 | D:10     | Reached skill level 5 in Shields
  2317 | D:10     | Reached skill level 5 in Unarmed Combat
  2317 | D:10     | Reached skill level 5 in Evocations
  2322 | D:10     | Reached skill level 7 in Charms
  2373 | D:11     | Found a staircase to the Orcish Mines.
  2378 | D:11     | Reached skill level 7 in Fighting
  2378 | D:11     | Reached skill level 7 in Polearms
  2378 | D:11     | Reached skill level 7 in Dodging
  2391 | D:11     | Found a roughly hewn altar of Beogh.
  2400 | D:11     | Reached **** piety under Cheibriados
  2442 | D:11     | Identified the +4 hand axe "Judeups" {vamp, *Drain rPois
                  | rN+++ SInv} (You found it on level 9 of the Dungeon)
  2450 | Orc:1    | Entered Level 1 of the Orcish Mines
  2459 | Orc:1    | Reached skill level 6 in Armour
  2516 | Orc:1    | Reached skill level 6 in Invocations
  2583 | Orc:2    | Entered Level 2 of the Orcish Mines
  2605 | Orc:1    | Noticed Sonja
  2611 | Orc:1    | Killed Sonja
  2612 | Orc:1    | Found a roughly hewn altar of Beogh.
  2650 | Orc:2    | Noticed an orc knight
  2658 | Orc:2    | Reached XP level 11. HP: 38/84 MP: 11/22
  2660 | Orc:2    | HP: 8/84 [orc knight/+0 great mace (20)]
  2665 | Orc:2    | Mangled by an orc knight

Skill      XL: |  1  2  3  4  5  6  7  8  9 10 |
---------------+-------------------------------+-----
Spellcasting   | 5 6 7 |  7.8
Invocations    | 1 2 3 4 5 6 |  6.4
Short Blades   | 1 2 3 4 5 |  5.8
Long Blades    | 1 2 3 4 5 |  5.8
Axes           | 1 2 3 4 5 |  5.8
Maces & Flails | 1 2 3 4 5 |  5.8
Staves         | 1 2 3 4 5 |  5.8
Slings         | 1 2 3 4 5 |  5.8
Bows           | 1 2 3 4 5 |  5.8
Crossbows      | 1 2 3 4 5 |  5.8
Throwing       | 1 2 3 4 5 |  5.8
Stealth        | 1 2 3 4 5 |  5.8
Shields        | 1 2 3 4 5 |  5.8
Unarmed Combat | 1 2 3 4 5 |  5.8
Evocations     | 1 2 3 4 5 |  5.8
Conjurations   | 1 2 3 4 |  4.8
Hexes          | 1 2 3 4 |  4.8
Summonings     | 1 2 3 4 |  4.8
Necromancy     | 1 2 3 4 |  4.8
Translocations | 1 2 3 4 |  4.8
Transmutations | 1 2 3 4 |  4.8
Fire Magic     | 1 2 3 4 |  4.8
Ice Magic      | 1 2 3 4 |  4.8
Air Magic      | 1 2 3 4 |  4.8
Earth Magic    | 1 2 3 4 |  4.8
Poison Magic   | 1 2 3 4 |  4.8
Armour         | 3 4 5 6 |  6.4
Fighting       | 5 6 7 |  7.5
Polearms       | 5 6 7 |  7.5
Dodging        | 5 6 7 |  7.5
Charms         | 6 7 |  7.4

Action                   |  1- 3 |  4- 6 |  7- 9 | 10-12 || total
-------------------------+-------+-------+-------+-------++-------
Melee: Spear             |    67 |   109 |   196 |       ||   372
       Bite              |     6 |    18 |    44 |    13 ||    81
       Punch             |       |       |     6 |     2 ||     8
       Morningstar       |       |       |    33 |    37 ||    70
       Glaive            |       |       |       |    34 ||    34
 Cast: Infusion          |     2 |       |       |       ||     2
       Spectral Weapon   |     4 |    12 |    30 |    11 ||    57
       Song of Slaying   |     1 |     4 |     3 |     2 ||    10
       Shroud of Golubri |     1 |     3 |     7 |     2 ||    13
       Regeneration      |       |     4 |     7 |     2 ||    13
Invok: Slouch            |       |       |       |     2 ||     2
Evoke: Wand              |       |       |     3 |     2 ||     5
  Use: Scroll            |       |     3 |     8 |     1 ||    12
       Potion            |       |       |     6 |     3 ||     9
 Stab: Sleeping          |     1 |       |     3 |       ||     4
       Distracted        |       |       |     5 |     2 ||     7
  Eat: Chunk             |       |     1 |     3 |       ||     4
       Ration            |       |       |     1 |     3 ||     4
Armor: Leather armour    |    11 |    10 |       |       ||    21
       Ring mail         |       |     4 |    40 |    22 ||    66
Dodge: Dodged            |    24 |    54 |   122 |   102 ||   302
Block: Other             |       |    13 |    35 |    11 ||    59
       Reflection        |       |       |       |     1 ||     1

Table legend:
 A = Turns spent in this place as a percentage of turns spent in the entire game.
 B = Non-inter-level travel turns spent in this place as a percentage of non-inter-level travel turns spent in the entire game.
 C = Inter-level travel turns spent in this place as a percentage of turns spent in this place.
 D = Turns resting spent in this place as a percentage of non-inter-level travel turns spent in this place.
 E = Turns spent auto-exploring this place as a percentage of non-inter-level travel turns spent in this place.
 F = Non-inter-level travel turns spent in this place divided by the number of levels of this place that you've seen.
                   A       B       C       D       E      F
               +-------+-------+-------+-------+-------+----------------------
         Total | 100.0 | 100.0 |   0.5 |   0.0 |   0.0 | 189.4
       Dungeon |  89.2 |  89.2 |   0.6 |   0.0 |   0.0 | 214.9
        Temple |   2.7 |   2.7 |   0.0 |   0.0 |   0.0 |  72.0
  Orcish Mines |   8.1 |   8.1 |   0.0 |   0.0 |   0.0 | 107.5
               +-------+-------+-------+-------+-------+----------------------

Table legend:
 A = Kills in this place as a percentage of kills in entire the game.
 B = Kills by you in this place as a percentage of kills by you in the entire game.
 C = Kills by friends in this place as a percentage of kills by friends in the entire game.
 D = Other kills in this place as a percentage of other kills in the entire game.
 E = Experience gained in this place as a percentage of experience gained in the entire game.
 F = Experience gained in this place divided by the number of levels of this place that you have seen.
                   A       B       C       D       E      F
               +-------+-------+-------+-------+-------+----------------------
         Total | 100.0 | 100.0 |   N/A |   N/A | 100.0 | 722.3
       Dungeon |  83.9 |  83.9 |   N/A |   N/A |  70.8 | 650.8
  Orcish Mines |  16.1 |  16.1 |   N/A |   N/A |  29.2 | 1476.5
               +-------+-------+-------+-------+-------+----------------------

Levels and vault maps discovered:
D:1:      minmay_arrival_arboretum_small, layout_rooms,
          chequers_serial_rivers_micro_d
D:2:      minmay_general_purpose_star, layout_loops_ring,
          kiku_gazebo_pond_becter, grunt_temple_overflow_open,
          chequers_temple_overflow_statue_of_worship, first_ration
D:3:      layout_basic, uniq_jessica, uniq_purgy
D:4:      layout_gridville, minmay_temple_entry_waves, serial_shops,
          nicolae_shop_competitors_out_of_business, uniq_natasha
D:5:      layout_loops_ring
D:6:      layout_basic, kennysheep_generic_room_11, uniq_sigmund, uniq_grinder
D:7:      layout_layer_cave, serial_shops, nicolae_shop_overgrown_old_shop,
          uniq_crazy_yiuf_cottage
D:8:      layout_loops_cross, hangedman_little_slice_of_home,
          minmay_misc_feat_nine_boxes, hangedman_abyss_or_decor_stabs,
          minmay_misc_feat_hallway
D:9:      layout_stronghold, kennysheep_mini_moat
D:10:     layout_long_grid, muffindrake_ghost_dual_entry, kennysheep_cross_room
D:11:     layout_small_grid, erik_lair_dragon, minmay_orc_entry_temple_small
Temple:   jpeg_temple_clearing
Orc:1:    layout_caves, basic_altar, uniq_sonja
Orc:2:    st_orc_elflike, layout_caves, serial_shops, nicolae_shop_stone
